 Dungeon Crawl Stone Soup version 0.28-a0-1506-g3893175d92 (webtiles) character file.

Game seed: 13985167379206975566

196 knot the Chopper (level 5, 40/61 HPs)
             Began as a Demonspawn Berserker on Jan 14, 2022.
             Was a Follower of Trog.
             Quit the game on level 3 of the Dungeon.
             The game lasted 00:01:26 (2691 turns).

knot the Chopper (Demonspawn Berserker)             Turns: 2691, Time: 00:01:26

Health: 40/61      AC:  3    Str: 18    XL:     5   Next: 46%
Magic:  5/5        EV: 12    Int: 10    God:    Trog [*.....]
Gold:   89         SH:  4    Dex: 12    Spells: 4/4 levels left

rFire   . . .      SeeInvis .   a - +0 hand axe
rCold   . . .      Faith    .   (no shield)
rNeg    . . .      Spirit   .   b - +0 animal skin
rPois   .          Reflect  .   (no helmet)
rElec   .          Harm     .   (no cloak)
rCorr   .          Rampage  .   (no gloves)
Will    .....                   g - +0 pair of boots
Stlth   ..........              (no amulet)
HPRegen 0.20/turn               (no ring)
MPRegen 0.09/turn               (no ring)

@: berserking, very quick
A: large bone plates 1, demonic touch 2
a: Renounce Religion, Berserk


You were on level 3 of the Dungeon.
You worshipped Trog.
Trog was aware of your devotion.
You visited 1 branch of the dungeon, and saw 3 of its levels.

You collected 89 gold pieces.

Inventory:

Hand Weapons
 a - a +0 hand axe (weapon)
Missiles
 d - 5 boomerangs (quivered)
 j - 40 sling bullets
 m - 2 poisoned darts
Armour
 b - a +0 animal skin (worn)
 g - a +0 pair of boots (worn)
Scrolls
 c - a scroll of magic mapping {unknown}
 k - a scroll of identify {unknown}
 l - 3 scrolls of noise {unknown}
Potions
 e - 2 potions of cancellation {unknown}
 f - 3 potions of attraction {unknown}
 h - a potion of lignification {unknown}
 i - 2 potions of invisibility {unknown}
 n - a potion of heal wounds {unknown}


   Skills:
 - Level 3.0 Fighting
 + Level 5.7 Axes
 - Level 1.7 Armour
 - Level 1.7 Dodging


You had 4 spell levels left.
You didn't know any spells.
Your spell library contained the following spells:

 Spells                   Type           Power      Damage    Failure   Level
 Ensorcelled Hibernation  Hex/Ice        0%         N/A       50%         2
 Passwall                 Tmut/Erth      0%         N/A       50%         2
 Swiftness                Air            0%         N/A       75%         3


Dungeon Overview and Level Annotations

Branches:
Dungeon (3/15)

Altars:

Shops:
D:1 *


Innate Abilities, Weirdness & Mutations

You are partially covered in large bone plates. (SH +4)
Your touch may inflict irresistible damage on your foes.


Message History

A ball python is nearby!
The ball python bites you. The ball python grabs you.
The ball python constricts you.
You hit the ball python but do no damage.
The ball python closely misses you. The ball python constricts you.
You slash the ball python!
You kill the ball python!
Trog accepts your kill.
No target in view!
No target in view!
A water moccasin comes into view.
An endoplasm comes into view.
You see here 17 gold pieces.
There are monsters nearby!
You closely miss the water moccasin.
The water moccasin completely misses you.
You barely miss the water moccasin.
The endoplasm quivers.
The water moccasin bites you. x2
You miss the water moccasin. The water moccasin barely misses you.
A red film seems to cover your vision as you go berserk!
You feel yourself moving faster!
You feel mighty!
The water moccasin closely misses you. x2
You miss the water moccasin. Your touch misses the water moccasin.
The water moccasin bites you!
You barely miss the water moccasin. Your touch misses the water moccasin.
The water moccasin bites you but does no damage.
You barely miss the water moccasin.
The water moccasin completely misses you.
You slash the water moccasin! Your touch misses the water moccasin.
The water moccasin is heavily wounded.
The water moccasin closely misses you.
You slash the water moccasin!
You touch the water moccasin.
You kill the water moccasin!
Trog accepts your kill.
Your Axes skill increases to level 5!
You have reached level 5!
Your demonic ancestry asserts itself...
Large bone plates grow over parts of your arms.
Are you sure you want to abandon this character and quit the game? (Confirm with "yes".)

#....# #.# #..###
#.# #.# #..#####†#
#.# #........# ##.##
#.#.....## ##...##
#.#.###.# .....
....# #.# ...
##.#.###.# #J#
###.....######@###.#
###..............#
##########.#####
#... #.### #.# ...
#.. ..


You could see an endoplasm.

Vanquished Creatures
  A water moccasin (D:3)
  An orc priest (D:3)
  An adder (D:2)
  A worm (D:2)
  3 orcs (D:3)
  8 ball pythons
  2 endoplasms (D:1)
  A giant cockroach (D:1)
  5 goblins
  3 hobgoblins
  3 jackals (D:1)
  2 quokkas
  2 bats (D:1)
  2 frilled lizards (D:1)
  3 kobolds
  3 rats
41 creatures vanquished.

Notes
Turn   | Place    | Note
-------+----------+-------------------------------------------
     0 | D:1      | knot the Demonspawn Berserker began the quest for the Orb.
     0 | D:1      | Reached XP level 1. HP: 18/18 MP: 1/1
    74 | D:1      | Found Pexzih's Assorted Antiques.
    94 | D:1      | Reached skill level 3 in Axes
   571 | D:1      | Gained mutation: Your touch may inflict minor irresistible
                  | damage on your foes. [demonic ancestry]
   571 | D:1      | Reached XP level 2. HP: 24/24 MP: 2/2
   988 | D:1      | Found a faded altar of an unknown god.
  1455 | D:2      | Reached skill level 4 in Axes
  1455 | D:2      | Gained mutation: Your touch may inflict irresistible damage
                  | on your foes. [demonic ancestry]
  1455 | D:2      | Reached XP level 3. HP: 14/29 MP: 3/3
  2361 | D:3      | Reached XP level 4. HP: 19/35 MP: 4/4
  2680 | D:3      | Noticed a water moccasin
  2690 | D:3      | Killed a water moccasin
  2691 | D:3      | Reached skill level 5 in Axes
  2691 | D:3      | Gained mutation: You are partially covered in large bone
                  | plates. (SH +4) [demonic ancestry]
  2691 | D:3      | Reached XP level 5. HP: 40/41 MP: 5/5
  2691 | D:3      | Quit the game

Illustrated notes

Levels and vault maps discovered:
D:1:      dpeg_arrival_tiny_a, layout_loops_cross,
          nicolae_ecumenical_snake_handling, serial_shops,
          nicolae_shop_hallway_stairs
D:2:      layout_loops_ring
D:3:      layout_loops_corners

Skill      XL: |  1  2  3  4 |
---------------+-------------+-----
Axes           | 3 4 5 |  5.7
Fighting       | |  3.0
Armour         | |  1.7
Dodging        | |  1.7

Action                   |  1- 3 |  4- 6 || total
-------------------------+-------+-------++-------
Melee: Hand axe          |   107 |    15 ||   122
       Punch             |     2 |       ||     2
       Touch             |     7 |     3 ||    10
Invok: Berserk           |     2 |     1 ||     3
 Stab: Sleeping          |     6 |       ||     6
Armor: Animal skin       |    22 |     3 ||    25
Dodge: Dodged            |    75 |     8 ||    83

Table legend: (Time is in decaauts)
 A = Elapsed time spent in this place.
 B = Non-inter-level travel time spent in this place.
 C = Inter-level travel time spent in this place.
 D = Time resting spent in this place.
 E = Time spent auto-exploring this place.
 F = Levels seen in this place.
 G = Mean time per level.
                   A        B        C        D        E       F      G
               +--------+--------+--------+--------+--------+-----+--------+
         Total |   2725 |   2687 |     38 |    567 |   1842 |   3 |  908.3 |
       Dungeon |   2725 |   2687 |     38 |    567 |   1842 |   3 |  908.3 |
               +--------+--------+--------+--------+--------+-----+--------+

Top non-repeatable levels by time:
     D:1: 1459 daAuts
     D:2: 787 daAuts
     D:3: 478 daAuts
